General information
- name: Bzrk
- type: Custom game
- host: TALONSAREIMBA
- saver: clan-iraq
map: TwistedMeadows
- players: 2
- length: 14:44
- speed: Fast
- version: 1.21 W3XP
- replay type: Public
» download(50 KB)
Players
team 1 (loser)
TALONSAREIMBA (
red | 86 APM | 1261 actions | 14:43)
3 Death Knight
2 Death Coil
1 Unholy Aura
» actions
| Assign group hotkey | 6 | |
| Basic commands | 71 | |
| Build / train | 49 | |
| Enter build submenu | 20 | |
| Enter hero's abilities submenu | 3 | |
| Right click | 751 | |
| Select / deselect | 293 | |
| Select group hotkey | 27 | |
| Use ability | 41 | |
1261 total
» units
» upgrades
| Unholy Armor | 1 | |
| Banshee Training | 1 | |
2 total
» buildings
| Crypt | 1 | |
| Ziggurat | 8 | |
| Altar of Darkness | 1 | |
| Tomb of Relics | 2 | |
| Nerubian Tower | 1 | |
| Halls of the Dead | 1 | |
| Graveyard | 1 | |
| Slaughterhouse | 1 | |
| Temple of the Damned | 1 | |
| Necropolis | 1 | |
18 total
» build order
00:10 Crypt
00:34 Ziggurat
00:38 Altar of Darkness
00:58 Tomb of Relics
01:03 Tomb of Relics
01:46 Ziggurat
02:32 Nerubian Tower
02:57 Halls of the Dead
03:28 Ziggurat
04:03 Graveyard
04:52 Ziggurat
05:43 Slaughterhouse
07:48 Ziggurat
07:54 Ziggurat
07:58 Ziggurat
09:23 Ziggurat
12:12 Temple of the Damned
12:20 Necropolis
team 2 (winner)
clan-iraq (
blue | 118 APM | 1733 actions | 14:44)
4 Paladin
2 Holy Light
2 Divine Shield
» actions
| Assign group hotkey | 12 | |
| Basic commands | 5 | |
| Build / train | 56 | |
| Enter build submenu | 26 | |
| Enter hero's abilities submenu | 4 | |
| Give item / drop item | 1 | |
| Remove unit from queue | 1 | |
| Right click | 771 | |
| Select / deselect | 145 | |
| Select group hotkey | 623 | |
| Use ability | 89 | |
1733 total
» units
| Peasant | 14 | |
| Footman | 6 | |
| Siege Engine | 9 | |
29 total
» upgrades
» buildings
| Altar of Kings | 1 | |
| Farm | 9 | |
| Barracks | 1 | |
| Lumber Mill | 1 | |
| Scout Tower | 7 | |
| Guard Tower | 5 | |
| Arcane Vault | 1 | |
| Keep | 1 | |
| Blacksmith | 1 | |
| Castle | 1 | |
| Workshop | 3 | |
31 total
» build order
00:09 Altar of Kings
00:11 Farm
00:17 Barracks
01:01 Farm
01:42 Farm
02:22 Farm
02:47 Lumber Mill
03:16 Scout Tower
03:48 Guard Tower
03:49 Scout Tower
04:07 Scout Tower
04:43 Guard Tower
04:59 Arcane Vault
05:45 Keep
05:53 Scout Tower
05:54 Scout Tower
06:22 Farm
06:31 Guard Tower
06:53 Scout Tower
07:37 Guard Tower
07:40 Blacksmith
07:59 Scout Tower
08:12 Castle
09:10 Workshop
09:16 Workshop
09:23 Workshop
09:24 Guard Tower
09:28 Farm
09:31 Farm
10:20 Farm
11:06 Farm
» items
| Boots of Speed | 1 | |
| Staff of Teleportation | 1 | |
| Scroll of Regeneration | 4 | |
| Lesser Clarity Potion | 6 | |
12 total
Chat log
(00:27 / All) clan-iraq: this is my fav matchup
(00:44 / All) TALONSAREIMBA: couldn't decide what I was doing
(01:09 / All) clan-iraq: i no what im goin
(01:20 / All) TALONSAREIMBA: mort gyro
(01:24 / All) clan-iraq: ull see
(13:41 / All) TALONSAREIMBA: Fag
(14:03 / All) TALONSAREIMBA: wow
(14:33 / All) clan-iraq: should i do it now?